APP
TEXAS (APP) RANGERS @ BOSTON (APP) RED SOX
09/17/2048
 
TOP OF THE 1ST
Texas (APP) Rangers batting - Pitching for Boston (APP) Red Sox : RHP Emile Pirandello
Pitching: RHP Emile Pirandello
Batting: SHB Tim Rogers 0-0: Ball
1-0: Ball
2-0: Foul Ball, location: 2F
2-1: SINGLE (Line Drive, 89M, EV 86.2 MPH)
Batting: RHB Ron Squires 0-0: Ball
1-0: Ball
2-0: Ball
3-0: Called Strike
3-1: Foul Ball, location: 2F
3-2: 2-RUN HOME RUN (Flyball, 7LD, EV 97.5 MPH), Distance : 367 ft
Batting: RHB Luis Reyna 0-0: Ball
1-0: DOUBLE (Line Drive, 7LS, EV 100.6 MPH)
Batting: RHB Jerry Foster 0-0: Ball
1-0: Foul Ball, location: 2F
1-1: TRIPLE (Line Drive, 89XD, EV 99.4 MPH)
Luis Reyna scores
Batting: RHB Nick Solberg 0-0: Called Strike
0-1: Ball
1-1: Ball
2-1: DOUBLE (Line Drive, 9LS, EV 95.0 MPH)
Jerry Foster scores
Batting: RHB Elias Sagrero 0-0: Ball
1-0: Swinging Strike
1-1: Called Strike
1-2: Ball
2-2: SINGLE (Line Drive, 9S, EV 105.6 MPH)
Nick Solberg to third
Runner from 3rd tries for Home, SAFE, throw by RF to home
Batting: RHB Luis Solorzano 0-0: Ball
Elias Sagrero steals 2nd base
1-0: Foul Ball, location: 2F
1-1: Fly out, F6 (Line Drive, 6M, EV 66.9 MPH)
Lined into DP, U6 (Line Drive, 6M, EV 65.0 MPH)
Batting: SHB Albert Ortiz 0-0: Called Strike
0-1: Swinging Strike
0-2: Ball
1-2: Foul Ball, location: 2F
1-2: Strikes out swinging
Top of the 1st over - 5 runs, 6 hits, 0 errors, 0 left on base; Texas (APP) 5 - Boston (APP) 0
BOTTOM OF THE 1ST
Boston (APP) Red Sox batting - Pitching for Texas (APP) Rangers : RHP Bobby Scott
Pitching: RHP Bobby Scott
Batting: LHB Javier Cajina 0-0: Called Strike
0-1: Ball
1-1: Swinging Strike
1-2: Foul Ball, location: 2F
1-2: Strikes out swinging
Batting: RHB Kirk Cully 0-0: Foul Ball, location: 2F
0-1: Foul Ball, location: 2F
0-2: Ball
1-2: DOUBLE (Flyball, 8LD, EV 111.2 MPH)
Batting: LHB Mike Hutcheson 0-0: Called Strike
0-1: Swinging Strike
0-2: Strikes out swinging
Batting: RHB Bakhtiar Asadov 0-0: Called Strike
0-1: Ball
Wild Pitch!
Kirk Cully to third
1-1: Ball
2-1: Ball
3-1: Ground out 3-1 (Groundball, 34S, EV 88.1 MPH)
Bottom of the 1st over - 0 runs, 1 hit, 0 errors, 1 left on base; Texas (APP) 5 - Boston (APP) 0
TOP OF THE 2ND
Texas (APP) Rangers batting - Pitching for Boston (APP) Red Sox : RHP Emile Pirandello
Batting: LHB Bobby Scott 0-0: Ground out U3 (Groundball, 3, EV 110.0 MPH)
Batting: SHB Tim Rogers 0-0: SINGLE (Line Drive, 34, EV 102.5 MPH)
Batting: RHB Ron Squires 0-0: Called Strike
Tim Rogers steals 2nd base
0-1: Foul Ball, location: 2F
0-2: Ball
1-2: Ground out 5-3 (Groundball, 56, EV 88.8 MPH)
Batting: RHB Luis Reyna 0-0: Fly out, F9 (Flyball, 9LM, EV 93.1 MPH)
Top of the 2nd over - 0 runs, 1 hit, 0 errors, 1 left on base; Texas (APP) 5 - Boston (APP) 0
BOTTOM OF THE 2ND
Boston (APP) Red Sox batting - Pitching for Texas (APP) Rangers : RHP Bobby Scott
Batting: LHB Kien-lung Zou 0-0: Foul Ball, location: 2F
0-1: Ball
1-1: Swinging Strike
1-2: DOUBLE (Flyball, 8LD, EV 101.9 MPH)
Batting: RHB Felix Rangel 0-0: Called Strike
0-1: SINGLE (Groundball, 25, EV 66.9 MPH) (infield hit)
Kien-lung Zou to third
Batting: SHB Matsudaira Ikeda 0-0: Ball
1-0: Foul Ball, location: 2F
1-1: Swinging Strike
1-2: Foul Ball, location: 2F
1-2: Ball
2-2: Strikes out swinging
Batting: RHB Luis Nino 0-0: Ball
1-0: Ball
2-0: Ball
3-0: Called Strike
3-1: Base on Balls
Felix Rangel to second
Batting: RHB Estevan Carrillo 0-0: Called Strike
0-1: Ball
1-1: Ball
2-1: Ball
3-1: Reached via error on a dropped throw from 2B, E6 (Groundball, 34, EV 88.1 MPH)
Kien-lung Zou scores
Felix Rangel to third
Luis Nino to second
Batting: LHB Javier Cajina 0-0: Ball
1-0: Foul Ball, location: 2F
1-1: Called Strike
1-2: Ball
2-2: Strikes out swinging
Batting: RHB Kirk Cully 0-0: Called Strike
0-1: Foul Ball, location: 2F
0-2: Ball
Wild Pitch!
Felix Rangel scores
Luis Nino to third
Estevan Carrillo to second
1-2: Strikes out swinging
Bottom of the 2nd over - 2 runs, 2 hits, 1 error, 2 left on base; Texas (APP) 5 - Boston (APP) 2
TOP OF THE 3RD
Texas (APP) Rangers batting - Pitching for Boston (APP) Red Sox : RHP Emile Pirandello
Batting: RHB Jerry Foster 0-0: Called Strike
0-1: Swinging Strike
0-2: Strikes out swinging
Batting: RHB Nick Solberg 0-0: Ball
1-0: Ground out 4-3 (Groundball, 6M, EV 101.2 MPH)
Batting: RHB Elias Sagrero 0-0: Called Strike
0-1: Ball
1-1: Ground out 6-3 (Groundball, 6, EV 105.6 MPH)
Top of the 3rd over - 0 runs, 0 hits, 0 errors, 0 left on base; Texas (APP) 5 - Boston (APP) 2
BOTTOM OF THE 3RD
Boston (APP) Red Sox batting - Pitching for Texas (APP) Rangers : RHP Bobby Scott
Batting: LHB Mike Hutcheson 0-0: Ball
1-0: Reached on error, E3 (Groundball, 3, EV 83.8 MPH)
Batting: RHB Bakhtiar Asadov 0-0: 2-RUN HOME RUN (Flyball, 78XD, EV 100.6 MPH), Distance : 418 ft
Batting: LHB Kien-lung Zou 0-0: Called Strike
0-1: Ball
1-1: Ball
2-1: Foul Ball, location: 2F
2-2: Foul Ball, location: 2F
2-2: Ball
3-2: Fly out, F8 (Flyball, 8LD, EV 88.8 MPH)
Batting: RHB Felix Rangel 0-0: Fly out, F3 (Popup, 3F, EV 67.5 MPH)
Batting: SHB Matsudaira Ikeda 0-0: Ball
1-0: Ball
2-0: Called Strike
2-1: Ball
3-1: Base on Balls
Batting: RHB Luis Nino 0-0: Fly out, F5 (Line Drive, 5, EV 66.9 MPH)
Bottom of the 3rd over - 2 runs, 1 hit, 1 error, 1 left on base; Texas (APP) 5 - Boston (APP) 4
TOP OF THE 4TH
Texas (APP) Rangers batting - Pitching for Boston (APP) Red Sox : RHP Emile Pirandello
Batting: RHB Luis Solorzano 0-0: Foul Ball, location: 2F
0-1: Called Strike
0-2: Ball
1-2: Strikes out swinging
Batting: SHB Albert Ortiz 0-0: Called Strike
0-1: Foul Ball, location: 2F
0-2: Ball
1-2: Strikes out looking
Batting: LHB Bobby Scott 0-0: Called Strike
0-1: Ball
1-1: Called Strike
1-2: Foul Ball, location: 2F
1-2: Ball
2-2: Fly out, F4 (Popup, 34D, EV 52.5 MPH)
Top of the 4th over - 0 runs, 0 hits, 0 errors, 0 left on base; Texas (APP) 5 - Boston (APP) 4
BOTTOM OF THE 4TH
Boston (APP) Red Sox batting - Pitching for Texas (APP) Rangers : RHP Bobby Scott
Batting: RHB Estevan Carrillo 0-0: Called Strike
0-1: Fly out, F7 (Flyball, 7, EV 74.4 MPH)
Batting: LHB Javier Cajina 0-0: Ball
1-0: Foul Ball, location: 2F
1-1: Ball
2-1: Ball
3-1: Foul Ball, location: 2F
3-2: DOUBLE (Line Drive, 89D, EV 107.5 MPH)
Batting: RHB Kirk Cully 0-0: Ground out 4-3 (Groundball, 4, EV 96.2 MPH)
Javier Cajina to third
Batting: LHB Mike Hutcheson 0-0: Ball
1-0: Called Strike
1-1: Swinging Strike
1-2: Ground out 4-3 (Groundball, 4M, EV 105.0 MPH)
Bottom of the 4th over - 0 runs, 1 hit, 0 errors, 1 left on base; Texas (APP) 5 - Boston (APP) 4
TOP OF THE 5TH
Texas (APP) Rangers batting - Pitching for Boston (APP) Red Sox : RHP Emile Pirandello
Batting: SHB Tim Rogers 0-0: Foul Ball, location: 2F
0-1: Ball
1-1: SINGLE (Groundball, 34S, EV 63.1 MPH) (infield hit)
Pitching: RHP Matt Collins
Batting: RHB Ron Squires 0-0: Ball
Tim Rogers steals 2nd base
1-0: Ball
2-0: Foul Ball, location: 2F
2-1: Called Strike
2-2: Fly out, F6 (Line Drive, 6, EV 68.8 MPH)
Lined into DP, 6-4 (Line Drive, 6, EV 73.1 MPH)
Batting: RHB Luis Reyna 0-0: Called Strike
0-1: Called Strike
0-2: SINGLE (Flyball, 78S, EV 95.6 MPH)
Batting: RHB Jerry Foster 0-0: 2-RUN HOME RUN (Flyball, 7D, EV 98.1 MPH), Distance : 380 ft
Batting: RHB Nick Solberg 0-0: Ball
1-0: Swinging Strike
1-1: Called Strike
1-2: Fly out, F9 (Flyball, 9LM, EV 83.1 MPH)
Top of the 5th over - 2 runs, 3 hits, 0 errors, 0 left on base; Texas (APP) 7 - Boston (APP) 4
BOTTOM OF THE 5TH
Boston (APP) Red Sox batting - Pitching for Texas (APP) Rangers : RHP Bobby Scott
Batting: RHB Bakhtiar Asadov 0-0: Ball
1-0: Ball
2-0: Called Strike
2-1: Ball
3-1: Called Strike
3-2: Ground out 6-3 (Groundball, 6, EV 98.8 MPH)
Batting: LHB Kien-lung Zou 0-0: Ball
1-0: Ball
2-0: Ball
3-0: Called Strike
3-1: Foul Ball, location: 2F
3-2: Base on Balls
Batting: RHB Felix Rangel 0-0: TRIPLE (Line Drive, 7D, EV 108.8 MPH)
Kien-lung Zou scores
Batting: SHB Matsudaira Ikeda 0-0: Hit by Pitch
Batting: RHB Luis Nino 0-0: Ball
1-0: Called Strike
1-1: Ball
2-1: Ball
3-1: Base on Balls
Matsudaira Ikeda to second
Batting: RHB Estevan Carrillo 0-0: Called Strike
0-1: Ball
1-1: Foul Ball, location: 2F
1-2: Foul Ball, location: 2F
1-2: Foul Ball, location: 2F
1-2: Fly out, F8 (Flyball, 8LD, EV 88.8 MPH)
Batting: LHB Javier Cajina 0-0: Ground out U3 (Groundball, 3, EV 110.6 MPH)
Bottom of the 5th over - 1 run, 1 hit, 0 errors, 3 left on base; Texas (APP) 7 - Boston (APP) 5
TOP OF THE 6TH
Texas (APP) Rangers batting - Pitching for Boston (APP) Red Sox : RHP Matt Collins
Batting: RHB Elias Sagrero 0-0: Called Strike
0-1: Called Strike
0-2: SOLO HOME RUN (Line Drive, 7D, EV 101.9 MPH), Distance : 383 ft
Pitching: LHP Jessie Leslie
Batting: RHB Luis Solorzano 0-0: Ball
1-0: Foul Ball, location: 2F
1-1: Swinging Strike
1-2: Foul Ball, location: 2F
1-2: Ball
2-2: Foul Ball, location: 2F
2-2: Ball
3-2: Foul Ball, location: 2F
3-2: Base on Balls
Batting: SHB Albert Ortiz 0-0: Ball
1-0: Foul Ball, location: 2F
1-1: Called Strike
1-2: Ball
2-2: Strikes out swinging
Batting: LHB Bobby Scott 0-0: Foul Ball, location: 2F
0-1: Called Strike
Luis Solorzano steals 2nd, throwing error, E2
Luis Solorzano to third
0-2: Ball
1-2: Ground out 6-3 (Groundball, 6, EV 102.5 MPH)
Batting: SHB Tim Rogers 0-0: Ground out 4-3 (Groundball, 34, EV 104.4 MPH)
Top of the 6th over - 1 run, 1 hit, 1 error, 1 left on base; Texas (APP) 8 - Boston (APP) 5
BOTTOM OF THE 6TH
Boston (APP) Red Sox batting - Pitching for Texas (APP) Rangers : RHP Bobby Scott
Batting: RHB Kirk Cully 0-0: Ball
1-0: Ball
2-0: Ball
3-0: Base on Balls
Batting: LHB Mike Hutcheson 0-0: Swinging Strike
Kirk Cully steals 2nd base
0-1: Swinging Strike
0-2: Strikes out looking
Pitching: RHP Dan Rohrbach
Batting: RHB Bakhtiar Asadov 0-0: Called Strike
0-1: Swinging Strike
0-2: Strikes out swinging
Batting: LHB Kien-lung Zou 0-0: Ball
1-0: Called Strike
1-1: Ball
2-1: Ball
3-1: Foul Ball, location: 2F
3-2: SINGLE (Groundball, 6D, EV 106.2 MPH)
Kirk Cully to third
Runner from 3rd tries for Home, SAFE, throw by LF to home
Batting: RHB Felix Rangel 0-0: Ball
1-0: Foul Ball, location: 2F
1-1: Ball
2-1: Ball
3-1: Called Strike
3-2: Strikes out swinging
Bottom of the 6th over - 1 run, 1 hit, 0 errors, 1 left on base; Texas (APP) 8 - Boston (APP) 6
TOP OF THE 7TH
Texas (APP) Rangers batting - Pitching for Boston (APP) Red Sox : LHP Jessie Leslie
Batting: RHB Ron Squires 0-0: Called Strike
0-1: Ball
1-1: Foul Ball, location: 2F
1-2: Strikes out swinging
Batting: RHB Luis Reyna 0-0: Called Strike
0-1: Swinging Strike
0-2: Ball
1-2: Ground out 3-1 (Groundball, 34, EV 84.4 MPH)
Batting: RHB Jerry Foster 0-0: Ball
1-0: Ball
2-0: Ball
3-0: Base on Balls
Batting: RHB Nick Solberg 0-0: Ball
1-0: Called Strike
1-1: Called Strike
1-2: Strikes out swinging
Top of the 7th over - 0 runs, 0 hits, 0 errors, 1 left on base; Texas (APP) 8 - Boston (APP) 6
BOTTOM OF THE 7TH
Boston (APP) Red Sox batting - Pitching for Texas (APP) Rangers : RHP Dan Rohrbach
Batting: SHB Matsudaira Ikeda 0-0: Ball
1-0: Ball
2-0: Ball
3-0: Called Strike
3-1: Foul Ball, location: 2F
3-2: Strikes out swinging
Pinch Hitting: RHB Joe Booth 0-0: Ball
1-0: Swinging Strike
1-1: Swinging Strike
1-2: Ball
2-2: Strikes out looking
Batting: RHB Estevan Carrillo 0-0: Ball
1-0: Called Strike
1-1: Ball
2-1: Ball
3-1: Ground out U3 (Groundball, 3, EV 81.9 MPH)
Bottom of the 7th over - 0 runs, 0 hits, 0 errors, 0 left on base; Texas (APP) 8 - Boston (APP) 6
TOP OF THE 8TH
Texas (APP) Rangers batting - Pitching for Boston (APP) Red Sox : LHP Jessie Leslie
Now at 2B: Stanislav Parusov
Batting: RHB Elias Sagrero 0-0: Called Strike
0-1: Fly out, F4 (Popup, 34, EV 74.4 MPH)
Batting: RHB Luis Solorzano 0-0: Foul Ball, location: 2F
0-1: Swinging Strike
0-2: Foul Ball, location: 2F
0-2: Ball
1-2: Ball
2-2: Ball
3-2: Strikes out looking
Batting: SHB Albert Ortiz 0-0: Called Strike
0-1: Ball
1-1: Swinging Strike
1-2: Foul Ball, location: 2F
1-2: Strikes out swinging
Top of the 8th over - 0 runs, 0 hits, 0 errors, 0 left on base; Texas (APP) 8 - Boston (APP) 6
BOTTOM OF THE 8TH
Boston (APP) Red Sox batting - Pitching for Texas (APP) Rangers : RHP Dan Rohrbach
Batting: LHB Javier Cajina 0-0: Called Strike
0-1: Ball
1-1: Ball
2-1: Called Strike
2-2: Strikes out swinging
Batting: RHB Kirk Cully 0-0: Called Strike
0-1: Ball
1-1: Foul Ball, location: 2F
1-2: Strikes out swinging
Batting: LHB Mike Hutcheson 0-0: Ball
1-0: Ball
2-0: Called Strike
2-1: Swinging Strike
2-2: Foul Ball, location: 2F
2-2: Strikes out swinging
Bottom of the 8th over - 0 runs, 0 hits, 0 errors, 0 left on base; Texas (APP) 8 - Boston (APP) 6
TOP OF THE 9TH
Texas (APP) Rangers batting - Pitching for Boston (APP) Red Sox : LHP Jessie Leslie
Batting: LHB Bobby Scott 0-0: DOUBLE (Line Drive, 9LS, EV 92.5 MPH)
Batting: SHB Tim Rogers 0-0: Ball
1-0: Foul Ball, location: 2F
1-1: Reaches on Catchers interference
Pitching: RHP Jose Duran
Batting: RHB Ron Squires 0-0: Called Strike
0-1: Grounds into double play, 4-6-3 (Groundball, 4, EV 91.9 MPH)
Bobby Scott to third
Batting: RHB Luis Reyna 0-0: Ball
Wild Pitch!
Bobby Scott scores
1-0: Called Strike
1-1: Swinging Strike
1-2: Fly out, F8 (Flyball, 8LD, EV 100.0 MPH)
Top of the 9th over - 1 run, 1 hit, 1 error, 0 left on base; Texas (APP) 9 - Boston (APP) 6
BOTTOM OF THE 9TH
Boston (APP) Red Sox batting - Pitching for Texas (APP) Rangers : RHP Dan Rohrbach
Pitching: LHP Alex Boites
Batting: RHB Bakhtiar Asadov 0-0: Foul Ball, location: 2F
0-1: Ball
1-1: Foul Ball, location: 2F
1-2: Foul Ball, location: 2F
1-2: Strikes out swinging
Batting: LHB Kien-lung Zou 0-0: Called Strike
0-1: Called Strike
0-2: Ball
1-2: Strikes out swinging
Batting: RHB Felix Rangel 0-0: Ball
1-0: SINGLE (Groundball, 56D, EV 105.0 MPH)
Pinch Hitting: RHB Josh Smith 0-0: Ball
1-0: Swinging Strike
1-1: Ball
2-1: Ball
3-1: Fielders Choice at 2nd, 6-4 (Groundball, 6, EV 111.2 MPH)
Bottom of the 9th over - 0 runs, 1 hit, 0 errors, 1 left on base; Texas (APP) 9 - Boston (APP) 6
Tuesday, March 28th , 2023 - OOTP Baseball 23.10 Build 110